 Dungeon Crawl Stone Soup version 0.17-a0-1646-geb1493d (webtiles) character file.

21 LilCorpsy the Twirler (level 2, 23/23 HPs)
             Began as a Demonspawn Gladiator on Aug 10, 2015.
             Was an Initiate of Okawaru.
             Quit the game on level 1 of the Dungeon.
             The game lasted 00:04:39 (584 turns).

LilCorpsy the Twirler (Demonspawn Gladiator)         Turns: 584, Time: 00:04:40

Health: 23/23      AC:  5    Str: 15    XL:     2   Next: 65%
Magic:  2/2        EV: 12    Int:  9    God:    Okawaru [......]
Gold:   43         SH:  0    Dex: 13    Spells: 0 memorised, 1 level left

rFire  + . .     SeeInvis .     a - +0 quarterstaff
rCold  x . .     Clarity  .     b - +0 leather armour
rNeg   . . .     SustAt   .     (no shield)
rPois  .         Gourm    .     c - +0 helmet
rElec  .         Spirit   .     (no cloak)
rCorr  .         Warding  .     (no gloves)
rMut   .         Stasis   .     h - +0 pair of boots
MR     .....                    (no amulet)
Stlth  +.........               (no ring)
                                i - ring of fire

@: not resistant to hostile enchantments, very unstealthy
A: powered by pain 1
a: Renounce Religion


You were on level 1 of the Dungeon.
You worshipped Okawaru.
Okawaru was noncommittal.
You were not hungry.

You visited 1 branch of the dungeon, and saw 1 of its levels.

You collected 43 gold pieces.

Inventory:

Hand weapons
 a - a +0 quarterstaff (weapon)
Missiles
 d - 3 throwing nets (quivered)
Armour
 b - a +0 leather armour (worn)
 c - a +0 helmet (worn)
 h - a +0 pair of boots (worn)
Jewellery
 i - a ring of fire (left hand)
Scrolls
 g - a scroll of teleportation {unknown}
 j - 3 scrolls of immolation {unknown}
 l - 3 scrolls of identify {unknown}
Potions
 f - 2 potions of might {unknown}
 m - a potion of brilliance {unknown}
 n - a potion of agility {unknown}
 o - a potion of haste {unknown}
Comestibles
 e - a bread ration
 k - a meat ration
 p - a slice of pizza
 q - a beef jerky


   Skills:
 + Level 2.7 Fighting
 * Level 3.1 Staves
 - Level 1.7 Throwing
 - Level 2.6 Dodging


You had one spell level left.
You didn't know any spells.

Dungeon Overview and Level Annotations

Branches:
Dungeon (1/15)

Altars:
Okawaru


Innate Abilities, Weirdness & Mutations

You sometimes gain a little power by taking damage.


Message History

No target in view!
No target in view!
You see here a club.
Found a hand axe, a falchion and a mace.
Found a slice of pizza.
o - a dark potion
There are no items here.
p - a slice of pizza
There are no items here.
There is an iron altar of Okawaru here.
There are no items here.
You kneel at the altar of Okawaru.
Okawaru welcomes you!
You see here a mace.
q - a beef jerky
There are no items here.
Are you sure you want to abandon this character and quit the game? (Confirm with "yes".)
Okay, then.
Unknown command.
Are you sure you want to abandon this character and quit the game? (Confirm with "yes".)

##.....##........
##................ ##
##...#...##........ .##
###...###...#........ ..###
#.................... ...(##
#...#.).).#)..#....#
.....########..##.._..##....###
................#.).).#...)#####
......### #..@.........†....#
......# ##...###...#......##
......## ##...#.......†.....
.......## ##.....##.........
........### ##...............
..........# #.#####.........
..........# ### #####.....
.......... #### #.. ##..##....
......#######..##.# #.##.#####


There were no monsters in sight!

Vanquished Creatures
  An ooze (D:1)
  A ball python (D:1)
  2 giant cockroaches (D:1)
  3 goblins (D:1)
  A hobgoblin (D:1)
  2 kobolds (D:1)
  3 bats (D:1)
  2 giant newts (D:1)
  3 rats (D:1)
18 creatures vanquished.

Notes
Turn   | Place    | Note
--------------------------------------------------------------
     0 | D:1      | LilCorpsy the Demonspawn Gladiator began the quest for the Orb.
     0 | D:1      | Reached XP level 1. HP: 16/16 MP: 1/1
   238 | D:1      | Reached skill level 3 in Staves
   238 | D:1      | Gained mutation: You sometimes gain a little power by taking damage. [demonic ancestry]
   238 | D:1      | Reached XP level 2. HP: 18/23 MP: 2/2
   562 | D:1      | Found an iron altar of Okawaru.
   579 | D:1      | Became a worshipper of Warmaster Okawaru
   584 | D:1      | Quit the game

Vault maps used:
D:1:      dpeg_arrival_signposts, roderic_greek_sauvastika,
          okawaru_ov_weapons_minmay

Action                   || total
-------------------------++-------
Melee: Quarterstaff      ||    46
